 Dungeon Sprint DCSS version 0.22-a0-136-g83a10e5 (webtiles) character file.

5712 esc the Thaumaturge (level 10, -17/83 HPs)
             Began as a Gnoll Fire Elementalist on Feb 2, 2018.
             Was a High Priest of Sif Muna.
             Demolished by Agnes
             ... wielding a +2 lajatang of speed
              (36 damage)
             ... in the Dungeon (Sprint IV: "Fedhas' Mad Dash").
             The game lasted 00:23:22 (2969 turns).

esc the Thaumaturge (Gnoll Fire Elementalist)       Turns: 2969, Time: 00:23:23

Health: -17/83     AC:  9    Str: 15    XL:     10   Next: 76%
Magic:  24/24      EV: 19    Int: 19    God:    Sif Muna [*****.]
Gold:   80         SH:  8    Dex: 16    Spells: 9/29 levels left

rFire    . . .     SeeInvis .   o - +8 dagger of Tyjauhoo {drain, rC+}
rCold    + . .     Gourm    .   w - +2 buckler
rNeg     . . .     Faith    .   q - +4 troll leather armour of the Lute {Regen+ Str+3, regen}
rPois    .         Spirit   .   (no helmet)
rElec    .         Reflect  .   (no cloak)
rCorr    .         Harm     .   (no gloves)
MR       .....     NoTele   +   (no boots)
Stlth    ++++......             k - amulet of invisibility {+Inv}
HPRegen  0.63/turn              (no ring)
MPRegen  0.19/turn              (no ring)

@: very slightly contaminated, invisible, no casting
A: distributed training, fangs 1, strong nose
a: Stop Divine Energy, Channel Magic, Forget Spell, Renounce Religion


You were in the Dungeon.
You worshipped Sif Muna.
Sif Muna was extremely pleased with you.
You were not hungry.

You visited 1 branch You collected 210 gold pieces.
You spent 130 gold pieces at shops.

Inventory:

Hand Weapons
 l - the +8 hunting sling "Guqez" {velocity, rPois rC+++ rN+ Int-2}
   (You found it in the Dungeon)

   Any stone fired from it inflicts extra damage.
   It affects your intelligence (-2).
   It renders you almost immune to cold.
   It protects you from poison.
   It protects you from negative energy.
 m - a +0 blowgun
   (You took it off a spriggan rider in the Dungeon)
 o - the +8 dagger of Tyjauhoo (weapon) {drain, rC+}
   (You found it in the Dungeon)

   A truly terrible weapon, it drains the life of those it strikes.
   It protects you from cold.
Missiles
 a - 39 stones
 j - 3 javelins (quivered)
 t - 3 curare-tipped needles
Armour
 q - the +4 troll leather armour of the Lute (worn) {Regen+ Str+3, regen}
   (You found it in the Dungeon)

   It affects your strength (+3).
   It increases your rate of regeneration.
 w - a +2 buckler (worn)
   (You took it off a spriggan in the Dungeon)
Jewellery
 k - the amulet of invisibility (around neck) {+Inv}
   (You found it in the Dungeon)

   [amulet of nothing]

   It lets you turn invisible.
Wands
 r - a wand of acid (5)
   (You found it in the Dungeon)
Scrolls
 p - 2 scrolls of fog
Potions
 d - 2 potions of curing
 f - a potion of haste
 g - a potion of magic
 h - a potion of berserk rage {!q}
Books
 b - a book of Flames
 c - Sif Muna's Guide on Attacks
   (Sif Muna gifted it to you in the Dungeon)

   Spells                             Type                      Level
   a - Searing Ray                    Conjuration                  2
   b - Iskenderun's Mystic Blast      Conjuration                  4
   c - Orb of Destruction             Conjuration                  7
   d - Fire Storm                     Conjuration/Fire             9
 s - a book of Minor Magic
   (You found it in the Dungeon)
 v - Sif Muna's Volume of Fetching Protection
   (Sif Muna gifted it to you in the Dungeon)

   Spells                             Type                      Level
   a - Infusion                       Charms                       1
   b - Confusing Touch                Hexes                        1
   c - Swiftness                      Charms/Air                   2
   d - Ensorcelled Hibernation        Hexes/Ice                    2
 x - a book of Beasts
   (You found it in the Dungeon)
Comestibles
 n - 2 rations
 u - 3 chunks of flesh {@w0}


   Skills:
 + Level 9.2 Fighting
 + Level 9.2 Short Blades
 + Level 9.2 Long Blades
 + Level 9.2 Axes
 + Level 9.2 Maces & Flails
 + Level 9.2 Polearms
 + Level 9.2 Staves
 + Level 9.2 Slings
 + Level 9.2 Bows
 + Level 9.2 Crossbows
 + Level 9.2 Throwing
 + Level 9.2 Armour
 + Level 10.2 Dodging
 + Level 10.1 Stealth
 + Level 9.2 Shields
 + Level 9.2 Unarmed Combat
 + Level 10.4 Spellcasting
 + Level 8.0 Conjurations
 + Level 7.7 Hexes
 + Level 7.7 Charms
 + Level 7.7 Summonings
 + Level 7.7 Necromancy
 + Level 7.7 Translocations
 + Level 7.7 Transmutations
 + Level 9.5 Fire Magic
 + Level 7.7 Ice Magic
 + Level 7.7 Air Magic
 + Level 7.7 Earth Magic
 + Level 7.7 Poison Magic
 + Level 10.0 Invocations
 + Level 9.2 Evocations


You had 9 spell levels left.
You knew the following spells:

 Your Spells              Type           Power        Failure   Level  Hunger
a - Flame Tongue          Conj/Fire      #####        1%          1    None
b - Searing Ray           Conj           #####.       1%          2    None
c - Conjure Flame         Conj/Fire      #####...     1%          3    None
d - Mephitic Cloud        Conj/Pois/Air  #####...     1%          3    None
e - Summon Mana Viper     Hex/Summ       #####...     10%         5    #####..
s - Sticky Flame          Conj/Fire      #####...     2%          4    ##.....
x - Throw Flame           Conj/Fire      #####.       1%          2    None


Dungeon Overview and Level Annotations

Branches:
Dungeon (1/1)

Altars:
Cheibriados
Dithmenos
Elyvilon
Gozag
Hepliaklqana
Kikubaaqudgha
Makhleb
Nemelex Xobeh
Okawaru
Qazlal
Ru
Sif Muna
Trog
Uskayaw
Vehumet
Wu Jian
Xom
Yredelemnul
Zin
The Shining One
Beogh
Jiyva
Lugonu

Shops:
D !*(*%%**

Annotations:
D Agnes


Innate Abilities, Weirdness & Mutations

Your experience applies equally to all skills.
You have very sharp teeth.
Your uncanny sense of smell can sniff out nearby items.


Message History

A spriggan berserker comes into view. It is wielding an enchanted rapier.
Found Jaogunolel's Weapon Emporium.
The spriggan berserker shouts!
Agnes hits you with a lajatang of speed!
Found Vaonethu's General Store.
You take 11 damage, and have 72/83 hp.
Okay, then.
Unknown command.
Unknown command.
Okay, then.
Unknown command.
Really read
i - a scroll of blinking {!r}?
Blink to where?
As you read the scroll of blinking {!r}, it crumbles to dust.
Okay, then.
Unknown command.
A mana viper appears with a sibilant hiss.
You now have 18/24 mp.
The fire ignites!
You now have 15/24 mp.
Aim: Agnes, wielding a lajatang of speed and wearing a glowing robe (flame)
The puff of flame hits Agnes.
Agnes is engulfed in blazing flames.
Agnes hits your mana viper with a lajatang of speed!!
Your mana viper bites Agnes!!
You now have 14/24 mp.
Something closely misses your mana viper.
Aim: Agnes, wielding a lajatang of speed and wearing a glowing robe (moderately wounded)
Okay, then.
Unknown command.
Aim: Agnes, wielding a lajatang of speed and wearing a glowing robe (moderately wounded)
The puff of flame hits Agnes.
Agnes hits your mana viper with a lajatang of speed!!
Your mana viper barely misses Agnes.
You now have 12/24 mp.
Aim: a spriggan berserker, wielding an enchanted rapier and wearing an animal skin (moderately wounded)
The puff of flame hits the spriggan berserker.
Your mana viper bites the spriggan berserker!!
The spriggan berserker closely misses your mana viper.
Your mana viper misses the spriggan berserker.
You now have 10/24 mp.
Aim: a spriggan berserker, wielding an enchanted rapier and wearing an animal skin (almost dead)
The puff of flame hits the spriggan berserker.
You kill the spriggan berserker!
Sif Muna accepts your kill.
Your Conjurations skill increases to level 8!
Your Invocations skill increases to level 10!
You now have 8/24 mp.
Aim: Agnes, wielding a lajatang of speed and wearing a glowing robe (moderately wounded)
The puff of flame hits Agnes.
Agnes drinks a potion.
Agnes seems to grow stronger.
Your mana viper misses Agnes.
Agnes misses your mana viper.
Your mana viper bites Agnes.
You now have 7/24 mp.
Okay, then.
Unknown command.
Aim: Agnes, wielding a lajatang of speed and wearing a glowing robe (heavily wounded, unusually strong)
The puff of flame hits Agnes.
Agnes hits your mana viper with a lajatang of speed!!
Your mana viper dies!
You now have 5/24 mp.
Aim: Agnes, wielding a lajatang of speed and wearing a glowing robe (heavily wounded, unusually strong)
The sticky flame hits Agnes.
Agnes is covered in liquid flames!
Agnes burns!
Agnes hits you with a lajatang of speed!!!
Ouch! That really hurt!
Agnes misses you.
You take 41 damage, and have 38/83 hp.
MASSIVE DAMAGE!!
You now have 1/24 mp.
Unknown command.
Sif Muna will now grant you divine energy when your reserves of magic are depleted.
You will briefly lose access to your magic after casting a spell in this manner.
Okay, then.
Unknown command.
You miscast Summon Mana Viper.
Sif Muna protects you from the effects of your miscast!
Sif Muna grants you divine energy.
You briefly lose access to your magic!
Agnes burns!
Agnes hits you with a lajatang of speed!!
* * * LOW HITPOINT WARNING * * *
Agnes closely misses you.
You take 24 damage, and have 14/83 hp.
MASSIVE DAMAGE!!
You now have 0/24 mp.
Unknown command.
You are unable to access your magic!
Unknown command.
Unknown command.
You are unable to access your magic!
Okay, then.
You feel much better.
Agnes burns!
Agnes misses you.
Agnes shouts, "I will kick you around like a rattan ball!"
Agnes hits you with a lajatang of speed!!
* * * LOW HITPOINT WARNING * * *
You regained 4 hp, and now have 18/83 hp.
Okay, then.
Here: Agnes, wielding a lajatang of speed and wearing a glowing robe (severely wounded, unusually strong, covered in liquid flames)
The floor.
Unknown command.
Magic courses through your body.
Agnes burns!
Agnes stops burning.
Agnes hits you with a lajatang of speed!!!
You die...

#################################
....#.⌠._._._._.⌠.#.()...#....##∩
#...'.._._._._._..'..#...#....'(.
#...#..._._._._...#..###'##...##∩
##'##.._._._._._..#.)##∩∩.'...###
'...#._._._._._.⌠.###############
#...###################.....(###.
#####♣♣♣♣♣..♣.###.).['.......')[.
#..'......♣..♣##@i#..#.P.....####
...#♣..♣♣♣.♣).###.##'##.P....#
...#.♣♣.(♣...♣'...#♣.♣########
###### ############.....#
#..♣i.♣....# #...♣......♣..
......♣.....∩.∩. ∆
################


You could see Agnes.

Vanquished Creatures
  A spriggan berserker (D)
  A spriggan druid (D)
  6 oklob plants (D)
  3 wandering mushrooms (D)
  A demonic crawler (D)
  A queen bee (D)
  3 burning bushes (D)
  A hornet (D)
  2 scorpions (D)
  4 killer bees (D)
  5 oklob saplings (D)
  A worker ant (D)
  5 spriggans (D)
  A river rat (D)
  A rat (D)
  A ballistomycete spore (D)
37 creatures vanquished.

Notes
Turn   | Place    | Note
-------+----------+-------------------------------------------
     0 | D        | esc the Gnoll Fire Elementalist began the quest for the Orb.
     0 | D        | Reached XP level 1. HP: 13/13 MP: 6/6
     9 | D        | Reached skill level 1 in Fighting
     9 | D        | Reached skill level 1 in Short Blades
     9 | D        | Reached skill level 1 in Long Blades
     9 | D        | Reached skill level 1 in Axes
     9 | D        | Reached skill level 1 in Maces & Flails
     9 | D        | Reached skill level 1 in Polearms
     9 | D        | Reached skill level 1 in Staves
     9 | D        | Reached skill level 1 in Slings
     9 | D        | Reached skill level 1 in Bows
     9 | D        | Reached skill level 1 in Crossbows
     9 | D        | Reached skill level 1 in Throwing
     9 | D        | Reached skill level 1 in Armour
     9 | D        | Reached skill level 1 in Shields
     9 | D        | Reached skill level 1 in Unarmed Combat
     9 | D        | Reached skill level 5 in Spellcasting
     9 | D        | Reached skill level 2 in Conjurations
     9 | D        | Reached skill level 1 in Invocations
     9 | D        | Reached skill level 1 in Evocations
     9 | D        | Reached XP level 2. HP: 21/21 MP: 2/8
    72 | D        | Noticed an oklob sapling
    73 | D        | Killed an oklob sapling
    73 | D        | Reached skill level 5 in Dodging
    73 | D        | Reached skill level 1 in Hexes
    73 | D        | Reached skill level 1 in Charms
    73 | D        | Reached skill level 1 in Summonings
    73 | D        | Reached skill level 1 in Necromancy
    73 | D        | Reached skill level 1 in Translocations
    73 | D        | Reached skill level 1 in Transmutations
    73 | D        | Reached skill level 1 in Ice Magic
    73 | D        | Reached skill level 1 in Air Magic
    73 | D        | Reached skill level 1 in Earth Magic
    73 | D        | Reached skill level 1 in Poison Magic
    73 | D        | Reached skill level 2 in Invocations
    73 | D        | Reached XP level 3. HP: 27/27 MP: 7/9
    95 | D        | Found the amulet of invisibility {+Inv}
    97 | D        | Reached skill level 2 in Fighting
    97 | D        | Reached skill level 2 in Short Blades
    97 | D        | Reached skill level 2 in Long Blades
    97 | D        | Reached skill level 2 in Axes
    97 | D        | Reached skill level 2 in Maces & Flails
    97 | D        | Reached skill level 2 in Polearms
    97 | D        | Reached skill level 2 in Staves
    97 | D        | Reached skill level 2 in Slings
    97 | D        | Reached skill level 2 in Bows
    97 | D        | Reached skill level 2 in Crossbows
    97 | D        | Reached skill level 2 in Throwing
    97 | D        | Reached skill level 2 in Armour
    97 | D        | Reached skill level 2 in Shields
    97 | D        | Reached skill level 2 in Unarmed Combat
    97 | D        | Reached skill level 2 in Evocations
    97 | D        | Reached XP level 4. HP: 34/34 MP: 6/11
   138 | D        | Found an opulent altar of Gozag.
   138 | D        | Found a hazy altar of Hepliaklqana.
   138 | D        | Found a burning altar of Makhleb.
   138 | D        | Found a roughly hewn altar of Beogh.
   138 | D        | Found a sparkling altar of Nemelex Xobeh.
   138 | D        | Found a snail-covered altar of Cheibriados.
   138 | D        | Found a sacrificial altar of Ru.
   138 | D        | Found a deep blue altar of Sif Muna.
   138 | D        | Found a shimmering altar of Xom.
   138 | D        | Found a basalt altar of Yredelemnul.
   139 | D        | Found a viscous altar of Jiyva.
   139 | D        | Found a bloodstained altar of Trog.
   139 | D        | Found an ornate altar of the Wu Jian Council.
   139 | D        | Noticed an oklob sapling priest
   140 | D        | Found an iron altar of Okawaru.
   140 | D        | Found a shadowy altar of Dithmenos.
   140 | D        | Found a glowing silver altar of Zin.
   141 | D        | Found an ancient bone altar of Kikubaaqudgha.
   141 | D        | Found a hide-covered altar of Uskayaw.
   142 | D        | Found a stormy altar of Qazlal.
   142 | D        | Found a white marble altar of Elyvilon.
   142 | D        | Found a glowing golden altar of the Shining One.
   143 | D        | Found a corrupted altar of Lugonu.
   143 | D        | Found a radiant altar of Vehumet.
   147 | D        | Killed an oklob sapling priest
   147 | D        | Reached skill level 3 in Fighting
   147 | D        | Reached skill level 3 in Short Blades
   147 | D        | Reached skill level 3 in Long Blades
   147 | D        | Reached skill level 3 in Axes
   147 | D        | Reached skill level 3 in Maces & Flails
   147 | D        | Reached skill level 3 in Polearms
   147 | D        | Reached skill level 3 in Staves
   147 | D        | Reached skill level 3 in Slings
   147 | D        | Reached skill level 3 in Bows
   147 | D        | Reached skill level 3 in Crossbows
   147 | D        | Reached skill level 3 in Throwing
   147 | D        | Reached skill level 3 in Armour
   147 | D        | Reached skill level 5 in Stealth
   147 | D        | Reached skill level 3 in Shields
   147 | D        | Reached skill level 3 in Unarmed Combat
   147 | D        | Reached skill level 3 in Conjurations
   147 | D        | Reached skill level 2 in Hexes
   147 | D        | Reached skill level 2 in Charms
   147 | D        | Reached skill level 2 in Summonings
   147 | D        | Reached skill level 2 in Necromancy
   147 | D        | Reached skill level 2 in Translocations
   147 | D        | Reached skill level 2 in Transmutations
   147 | D        | Reached skill level 6 in Fire Magic
   147 | D        | Reached skill level 2 in Ice Magic
   147 | D        | Reached skill level 2 in Air Magic
   147 | D        | Reached skill level 2 in Earth Magic
   147 | D        | Reached skill level 2 in Poison Magic
   147 | D        | Reached skill level 3 in Invocations
   147 | D        | Reached skill level 3 in Evocations
   157 | D        | Became a worshipper of Sif Muna the Loreminder
   714 | D        | Reached skill level 6 in Spellcasting
   714 | D        | Reached XP level 5. HP: 41/41 MP: 8/13
   761 | D        | Reached * piety under Sif Muna
   761 | D        | Reached skill level 6 in Dodging
   761 | D        | Reached skill level 3 in Hexes
   761 | D        | Reached skill level 3 in Charms
   761 | D        | Reached skill level 3 in Summonings
   761 | D        | Reached skill level 3 in Necromancy
   761 | D        | Reached skill level 3 in Translocations
   761 | D        | Reached skill level 3 in Transmutations
   761 | D        | Reached skill level 3 in Ice Magic
   761 | D        | Reached skill level 3 in Air Magic
   761 | D        | Reached skill level 3 in Earth Magic
   761 | D        | Reached skill level 3 in Poison Magic
   761 | D        | Reached skill level 4 in Invocations
   800 | D        | Reached skill level 4 in Fighting
   800 | D        | Reached skill level 4 in Short Blades
   800 | D        | Reached skill level 4 in Long Blades
   800 | D        | Reached skill level 4 in Axes
   800 | D        | Reached skill level 4 in Maces & Flails
   800 | D        | Reached skill level 4 in Polearms
   800 | D        | Reached skill level 4 in Staves
   800 | D        | Reached skill level 4 in Slings
   800 | D        | Reached skill level 4 in Bows
   800 | D        | Reached skill level 4 in Crossbows
   800 | D        | Reached skill level 4 in Throwing
   800 | D        | Reached skill level 4 in Armour
   800 | D        | Reached skill level 4 in Shields
   800 | D        | Reached skill level 4 in Unarmed Combat
   800 | D        | Reached skill level 4 in Conjurations
   800 | D        | Reached skill level 4 in Evocations
   800 | D        | Reached XP level 6. HP: 42/48 MP: 0/15
   851 | D        | Learned a level 2 spell: Throw Flame
   855 | D        | Learned a level 3 spell: Conjure Flame
   860 | D        | Learned a level 4 spell: Sticky Flame
   908 | D        | Found Wyxkilut's Assorted Antiques.
   909 | D        | Found Lexkosua's Distillery.
   923 | D        | Noticed a burning bush
   923 | D        | Noticed a wandering mushroom
   927 | D        | Noticed a wandering mushroom
  1059 | D        | esc: @??burning bush
  1059 | D        | beem: burning bush (P)
                  | Spd: 10 (stationary)
                  | HD: 8
                  | HP: 33-52
                  | AC/EV: 10/0
                  | plant, see invisible, unbreathing
                  | Res: magic(40), fire, poison, drown, neg+++, torm
                  | XP: 312
                  | Sp: throw flame (3d7) [!AM, !sil]
                  | Sz: Big
                  | Int: brainless.
  1073 | D        | Killed a wandering mushroom
  1073 | D        | Reached ** piety under Sif Muna
  1073 | D        | Reached skill level 5 in Fighting
  1073 | D        | Reached skill level 5 in Short Blades
  1073 | D        | Reached skill level 5 in Long Blades
  1073 | D        | Reached skill level 5 in Axes
  1073 | D        | Reached skill level 5 in Maces & Flails
  1073 | D        | Reached skill level 5 in Polearms
  1073 | D        | Reached skill level 5 in Staves
  1073 | D        | Reached skill level 5 in Slings
  1073 | D        | Reached skill level 5 in Bows
  1073 | D        | Reached skill level 5 in Crossbows
  1073 | D        | Reached skill level 5 in Throwing
  1073 | D        | Reached skill level 5 in Armour
  1073 | D        | Reached skill level 6 in Stealth
  1073 | D        | Reached skill level 5 in Shields
  1073 | D        | Reached skill level 5 in Unarmed Combat
  1073 | D        | Reached skill level 7 in Spellcasting
  1073 | D        | Reached skill level 4 in Hexes
  1073 | D        | Reached skill level 4 in Charms
  1073 | D        | Reached skill level 4 in Summonings
  1073 | D        | Reached skill level 4 in Necromancy
  1073 | D        | Reached skill level 4 in Translocations
  1073 | D        | Reached skill level 4 in Transmutations
  1073 | D        | Reached skill level 4 in Ice Magic
  1073 | D        | Reached skill level 4 in Air Magic
  1073 | D        | Reached skill level 4 in Earth Magic
  1073 | D        | Reached skill level 4 in Poison Magic
  1073 | D        | Reached skill level 5 in Invocations
  1073 | D        | Reached skill level 5 in Evocations
  1073 | D        | Reached XP level 7. HP: 56/56 MP: 8/17
  1162 | D        | Killed a wandering mushroom
  1162 | D        | Reached skill level 7 in Dodging
  1162 | D        | Reached skill level 5 in Conjurations
  1162 | D        | Reached skill level 7 in Fire Magic
  1234 | D        | Reached skill level 7 in Stealth
  1234 | D        | Reached skill level 6 in Invocations
  1441 | D        | Noticed a queen bee
  1466 | D        | Killed a queen bee
  1466 | D        | Reached *** piety under Sif Muna
  1466 | D        | Reached skill level 6 in Fighting
  1466 | D        | Reached skill level 6 in Short Blades
  1466 | D        | Reached skill level 6 in Long Blades
  1466 | D        | Reached skill level 6 in Axes
  1466 | D        | Reached skill level 6 in Maces & Flails
  1466 | D        | Reached skill level 6 in Polearms
  1466 | D        | Reached skill level 6 in Staves
  1466 | D        | Reached skill level 6 in Slings
  1466 | D        | Reached skill level 6 in Bows
  1466 | D        | Reached skill level 6 in Crossbows
  1466 | D        | Reached skill level 6 in Throwing
  1466 | D        | Reached skill level 6 in Armour
  1466 | D        | Reached skill level 6 in Shields
  1466 | D        | Reached skill level 6 in Unarmed Combat
  1466 | D        | Reached skill level 6 in Evocations
  1466 | D        | Reached XP level 8. HP: 64/64 MP: 8/19
  1547 | D        | Reached skill level 5 in Hexes
  1547 | D        | Reached skill level 5 in Charms
  1547 | D        | Reached skill level 5 in Summonings
  1547 | D        | Reached skill level 5 in Necromancy
  1547 | D        | Reached skill level 5 in Translocations
  1547 | D        | Reached skill level 5 in Transmutations
  1547 | D        | Reached skill level 5 in Ice Magic
  1547 | D        | Reached skill level 5 in Air Magic
  1547 | D        | Reached skill level 5 in Earth Magic
  1547 | D        | Reached skill level 5 in Poison Magic
  1550 | D        | Reached skill level 8 in Spellcasting
  1738 | D        | Noticed an oklob plant
  1747 | D        | HP: 12/64 [acid (18)]
  1749 | D        | Killed an oklob plant
  1749 | D        | Reached skill level 8 in Dodging
  1749 | D        | Reached skill level 8 in Stealth
  1749 | D        | Reached skill level 6 in Conjurations
  1749 | D        | Reached skill level 7 in Invocations
  2020 | D        | Noticed a burning bush
  2023 | D        | Killed a burning bush
  2023 | D        | Reached **** piety under Sif Muna
  2023 | D        | Reached skill level 8 in Fire Magic
  2028 | D        | Noticed a burning bush
  2028 | D        | Noticed an oklob plant
  2029 | D        | Noticed a wandering mushroom
  2030 | D        | Killed a burning bush
  2030 | D        | Reached skill level 7 in Fighting
  2030 | D        | Reached skill level 7 in Short Blades
  2030 | D        | Reached skill level 7 in Long Blades
  2030 | D        | Reached skill level 7 in Axes
  2030 | D        | Reached skill level 7 in Maces & Flails
  2030 | D        | Reached skill level 7 in Polearms
  2030 | D        | Reached skill level 7 in Staves
  2030 | D        | Reached skill level 7 in Slings
  2030 | D        | Reached skill level 7 in Bows
  2030 | D        | Reached skill level 7 in Crossbows
  2030 | D        | Reached skill level 7 in Throwing
  2030 | D        | Reached skill level 7 in Armour
  2030 | D        | Reached skill level 7 in Shields
  2030 | D        | Reached skill level 7 in Unarmed Combat
  2030 | D        | Reached skill level 7 in Evocations
  2030 | D        | Reached XP level 9. HP: 72/72 MP: 19/21
  2035 | D        | Killed an oklob plant
  2035 | D        | Reached skill level 9 in Spellcasting
  2035 | D        | Reached skill level 6 in Hexes
  2035 | D        | Reached skill level 6 in Charms
  2035 | D        | Reached skill level 6 in Summonings
  2035 | D        | Reached skill level 6 in Necromancy
  2035 | D        | Reached skill level 6 in Translocations
  2035 | D        | Reached skill level 6 in Transmutations
  2035 | D        | Reached skill level 6 in Ice Magic
  2035 | D        | Reached skill level 6 in Air Magic
  2035 | D        | Reached skill level 6 in Earth Magic
  2035 | D        | Reached skill level 6 in Poison Magic
  2035 | D        | Reached skill level 8 in Invocations
  2039 | D        | Killed a wandering mushroom
  2039 | D        | Reached ***** piety under Sif Muna
  2039 | D        | Identified Sif Muna's Guide on Attacks (Sif Muna gifted it to you in the Dungeon)
  2039 | D        | Received a gift from Sif Muna
  2039 | D        | Reached skill level 9 in Dodging
  2042 | D        | Got a bloodstained dagger
  2050 | D        | Identified the +8 dagger of Tyjauhoo {drain, rC+} (You found it in the Dungeon)
  2060 | D        | Got a smoking hunting sling
  2062 | D        | Identified the +8 hunting sling "Guqez" {velocity, rPois rC+++ rN+ Int-2} (You found it in the Dungeon)
  2071 | D        | Learned a level 2 spell: Searing Ray
  2143 | D        | Killed a burning bush
  2143 | D        | Reached skill level 9 in Stealth
  2369 | D        | Found Ymurch's Food Shoppe.
  2370 | D        | Found Hayset's Food Emporium.
  2373 | D        | Got a slimy troll leather armour {regen}
  2385 | D        | Identified the +4 troll leather armour of the Lute {Regen+ Str+3, regen} (You found it in the Dungeon)
  2386 | D        | Bought a ration for 65 gold pieces
  2386 | D        | Bought a ration for 65 gold pieces
  2443 | D        | Noticed a spriggan druid
  2444 | D        | Killed a spriggan druid
  2444 | D        | Reached skill level 8 in Fighting
  2444 | D        | Reached skill level 8 in Short Blades
  2444 | D        | Reached skill level 8 in Long Blades
  2444 | D        | Reached skill level 8 in Axes
  2444 | D        | Reached skill level 8 in Maces & Flails
  2444 | D        | Reached skill level 8 in Polearms
  2444 | D        | Reached skill level 8 in Staves
  2444 | D        | Reached skill level 8 in Slings
  2444 | D        | Reached skill level 8 in Bows
  2444 | D        | Reached skill level 8 in Crossbows
  2444 | D        | Reached skill level 8 in Throwing
  2444 | D        | Reached skill level 8 in Armour
  2444 | D        | Reached skill level 8 in Shields
  2444 | D        | Reached skill level 8 in Unarmed Combat
  2444 | D        | Reached skill level 7 in Conjurations
  2444 | D        | Reached skill level 8 in Evocations
  2460 | D        | Noticed an oklob plant conjurer
  2481 | D        | HP: 18/74 [oklob plant conjurer/orb of energy (36)]
  2483 | D        | Killed an oklob plant conjurer
  2483 | D        | Reached skill level 9 in Invocations
  2483 | D        | Reached XP level 10. HP: 21/80 MP: 14/23
  2583 | D        | esc: @??spriggan
  2583 | D        | beem: spriggan (i)
                  | Spd: 10 (move: 60%)
                  | HD: 7
                  | HP: 19-29
                  | AC/EV: 3/18
                  | Dam: 15
                  | weapons, items, doors, see invisible
                  | Res: magic(60)
                  | XP:
   216 | Sz: little | Int: human.
  2583 | D        | esc: @??spriggan druid
  2583 | D        | beem: spriggan druid (i)
                  | Spd: 10 (move: 60%)
                  | HD: 11
                  | HP: 36-50
                  | AC/EV: 3/18
                  | Dam: 18
                  | weapons, items, doors, spellcaster, see invisible
                  | Res: magic(100)
                  | XP: 725
                  | Sp: stone arrow (3d18), druid's call, awaken forest, minor healing (2d5+3) [emergency]
                  | Sz: little
                  | Int: human.
  2587 | D        | Learned a level 3 spell: Mephitic Cloud
  2634 | D        | Noticed Agnes
  2637 | D        | Noticed an oklob plant
  2637 | D        | Noticed an oklob plant summoner
  2642 | D        | Noticed an oklob plant shifter
  2647 | D        | Killed an oklob plant summoner
  2647 | D        | Reached skill level 7 in Hexes
  2647 | D        | Reached skill level 7 in Charms
  2647 | D        | Reached skill level 7 in Summonings
  2647 | D        | Reached skill level 7 in Necromancy
  2647 | D        | Reached skill level 7 in Translocations
  2647 | D        | Reached skill level 7 in Transmutations
  2647 | D        | Reached skill level 9 in Fire Magic
  2647 | D        | Reached skill level 7 in Ice Magic
  2647 | D        | Reached skill level 7 in Air Magic
  2647 | D        | Reached skill level 7 in Earth Magic
  2647 | D        | Reached skill level 7 in Poison Magic
  2650 | D        | Killed an oklob plant shifter
  2658 | D        | Killed an oklob plant
  2658 | D        | Reached skill level 10 in Spellcasting
  2767 | D        | Noticed a spriggan rider
  2770 | D        | Reached skill level 10 in Dodging
  2781 | D        | Identified Sif Muna's Volume of Fetching Protection (Sif Muna gifted it to you in the Dungeon)
  2781 | D        | Received a gift from Sif Muna
  2781 | D        | Reached skill level 9 in Fighting
  2781 | D        | Reached skill level 9 in Short Blades
  2781 | D        | Reached skill level 9 in Long Blades
  2781 | D        | Reached skill level 9 in Axes
  2781 | D        | Reached skill level 9 in Maces & Flails
  2781 | D        | Reached skill level 9 in Polearms
  2781 | D        | Reached skill level 9 in Staves
  2781 | D        | Reached skill level 9 in Slings
  2781 | D        | Reached skill level 9 in Bows
  2781 | D        | Reached skill level 9 in Crossbows
  2781 | D        | Reached skill level 9 in Throwing
  2781 | D        | Reached skill level 9 in Armour
  2781 | D        | Reached skill level 9 in Shields
  2781 | D        | Reached skill level 9 in Unarmed Combat
  2781 | D        | Reached skill level 9 in Evocations
  2785 | D        | Reached skill level 10 in Stealth
  2800 | D        | Found Allingaps's General Store.
  2903 | D        | Found Everub's Assorted Antiques.
  2930 | D        | Learned a level 5 spell: Summon Mana Viper
  2952 | D        | Found Jaogunolel's Weapon Emporium.
  2952 | D        | Noticed a spriggan berserker
  2954 | D        | Found Vaonethu's General Store.
  2963 | D        | Killed a spriggan berserker
  2963 | D        | Reached skill level 8 in Conjurations
  2963 | D        | Reached skill level 10 in Invocations
  2967 | D        | HP: 14/83 [Agnes/lajatang of speed (24)]
  2969 | D        | Demolished by Agnes

Vault maps used:
D:        dungeon_sprint_fedhas

Skill      XL: |  1  2  3  4  5  6  7  8  9 10 |
---------------+-------------------------------+-----
Fighting       | 1 2 3 4 5 6 7 8 9 |  9.2
Short Blades   | 1 2 3 4 5 6 7 8 9 |  9.2
Long Blades    | 1 2 3 4 5 6 7 8 9 |  9.2
Axes           | 1 2 3 4 5 6 7 8 9 |  9.2
Maces & Flails | 1 2 3 4 5 6 7 8 9 |  9.2
Polearms       | 1 2 3 4 5 6 7 8 9 |  9.2
Staves         | 1 2 3 4 5 6 7 8 9 |  9.2
Slings         | 1 2 3 4 5 6 7 8 9 |  9.2
Bows           | 1 2 3 4 5 6 7 8 9 |  9.2
Crossbows      | 1 2 3 4 5 6 7 8 9 |  9.2
Throwing       | 1 2 3 4 5 6 7 8 9 |  9.2
Armour         | 1 2 3 4 5 6 7 8 9 |  9.2
Shields        | 1 2 3 4 5 6 7 8 9 |  9.2
Unarmed Combat | 1 2 3 4 5 6 7 8 9 |  9.2
Spellcasting   | 5 6 7 8 9 10 | 10.4
Conjurations   | 2 3 4 5 6 7 8 |  8.0
Invocations    | 1 2 3 4 5 6 7 9 10 | 10.0
Evocations     | 1 2 3 4 5 6 7 8 9 |  9.2
Dodging        | 5 6 7 8 9 10 | 10.2
Hexes          | 1 2 3 4 5 6 7 |  7.7
Charms         | 1 2 3 4 5 6 7 |  7.7
Summonings     | 1 2 3 4 5 6 7 |  7.7
Necromancy     | 1 2 3 4 5 6 7 |  7.7
Translocations | 1 2 3 4 5 6 7 |  7.7
Transmutations | 1 2 3 4 5 6 7 |  7.7
Ice Magic      | 1 2 3 4 5 6 7 |  7.7
Air Magic      | 1 2 3 4 5 6 7 |  7.7
Earth Magic    | 1 2 3 4 5 6 7 |  7.7
Poison Magic   | 1 2 3 4 5 6 7 |  7.7
Stealth        | 5 6 7 8 9 10 | 10.1
Fire Magic     | 6 7 8 9 |  9.5

Action                   |  1- 3 |  4- 6 |  7- 9 | 10-12 || total
-------------------------+-------+-------+-------+-------++-------
Melee: Rapier            |       |     1 |    10 |       ||    11
       Bite              |       |       |     3 |     2 ||     5
       Dagger            |       |       |     6 |    20 ||    26
 Cast: Flame Tongue      |     8 |    49 |    21 |       ||    78
       Throw Flame       |       |       |    15 |    10 ||    25
       Sticky Flame      |       |       |     9 |     7 ||    16
       Conjure Flame     |       |       |     1 |     2 ||     3
       Searing Ray       |       |       |     4 |       ||     4
       Mephitic Cloud    |       |       |       |     1 ||     1
       Summon Mana Viper |       |       |       |     1 ||     1
Invok: Divine Energy     |       |       |     1 |     1 ||     2
       Stop Divine Energ |       |       |     1 |       ||     1
 Abil: Evoke Invisibilit |       |     3 |     2 |     2 ||     7
  Use: Scroll            |       |       |     1 |     1 ||     2
       Potion            |       |       |       |     2 ||     2
 Stab: Sleeping          |       |     1 |     6 |     3 ||    10
       Invisible         |       |       |     1 |     2 ||     3
  Eat: Ration            |       |     1 |     1 |     1 ||     3
       Chunk             |       |     1 |       |       ||     1
Armor: Robe              |     1 |       |       |       ||     1
       Troll leather arm |       |       |       |     7 ||     7
Dodge: Dodged            |     2 |    17 |    26 |    25 ||    70
Block: Buckler           |       |       |     5 |     7 ||    12

Table legend:
 A = Spawn XP
 B = Non-spawn XP
 C = Spawn XP percentage of total XP
 D = Spawn monster count
 E = Non-spawn monster count
 F = Spawn count percentage of total count
 G = Total turns spent on level
                    A         B        C        D         E        F      G
               +---------+---------+-------+---------+---------+-------+---------
         Total |       0 |    8161 |   0.0 |       0 |      36 |   0.0 |  2969
               +---------+---------+-------+---------+---------+-------+---------
             D |       0 |    8161 |   0.0 |       0 |      36 |   0.0 |  2969
               +---------+---------+-------+---------+---------+-------+---------

Vault maps used:
D:        dungeon_sprint_fedhas

Table legend:
 A = Turns spent in this place as a percentage of turns spent in the entire game.
 B = Non-inter-level travel turns spent in this place as a percentage of non-inter-level travel turns spent in the entire game.
 C = Inter-level travel turns spent in this place as a percentage of turns spent in this place.
 D = Turns resting spent in this place as a percentage of non-inter-level travel turns spent in this place.
 E = Turns spent auto-exploring this place as a percentage of non-inter-level travel turns spent in this place.
 F = Non-inter-level travel turns spent in this place divided by the number of levels of this place that you've seen.
                   A       B       C       D       E      F
               +-------+-------+-------+-------+-------+----------------------
         Total | 100.0 | 100.0 |   2.6 |  70.2 |   0.0 | 2893.0
       Dungeon | 100.0 | 100.0 |   2.6 |  70.2 |   0.0 | 2893.0
               +-------+-------+-------+-------+-------+----------------------

Table legend:
 A = Kills in this place as a percentage of kills in entire the game.
 B = Kills by you in this place as a percentage of kills by you in the entire game.
 C = Kills by friends in this place as a percentage of kills by friends in the entire game.
 D = Other kills in this place as a percentage of other kills in the entire game.
 E = Experience gained in this place as a percentage of experience gained in the entire game.
 F = Experience gained in this place divided by the number of levels of this place that you have seen.
                   A       B       C       D       E      F
               +-------+-------+-------+-------+-------+----------------------
         Total | 100.0 | 100.0 |   N/A |   N/A | 100.0 | 8161.0
       Dungeon | 100.0 | 100.0 |   N/A |   N/A | 100.0 | 8161.0
               +-------+-------+-------+-------+-------+----------------------
